PIO (24 & UNDER)
CHULA VISTA TACOS @ SURREY SINNERS
09/26/2026
 
TOP OF THE 1ST
Chula Vista Tacos batting - Pitching for Surrey Sinners : RHP Bill Chase
Pitching: RHP Bill Chase
Batting: LHB Joe Baker 0-0: Called Strike
0-1: Swinging Strike
0-2: Foul Ball, location: 2F
0-2: Ball
1-2: Ball
2-2: Ball
3-2: Ground out 3-1 (Groundball, 34)
Batting: LHB Jaime Icaza 0-0: Called Strike
0-1: Ball
1-1: Ball
2-1: Ball
3-1: Foul Ball, location: 2F
3-2: Strikes out swinging
Batting: RHB Johnny Williams 0-0: Swinging Strike
0-1: Ball
1-1: Ball
2-1: TRIPLE (Line Drive, 3L)
Batting: RHB Joel Carlson 0-0: Ball
1-0: Ball
2-0: Foul Ball, location: 2F
2-1: Called Strike
2-2: Foul Ball, location: 2F
2-2: Foul Ball, location: 2F
2-2: Ball
3-2: Base on Balls
Batting: SHB Walt Rodgers 0-0: Ball
1-0: Swinging Strike
1-1: Ball
2-1: Foul Ball, location: 2F
2-2: Foul Ball, location: 2F
2-2: Ball
3-2: Foul Ball, location: 2F
3-2: Base on Balls
Joel Carlson to second
Batting: RHB Tom Cirilo 0-0: Swinging Strike
0-1: Ball
1-1: SINGLE (Groundball, 56)
Johnny Williams scores
Joel Carlson to third
Walt Rodgers to second
Runner from 3rd tries for Home, SAFE, no throw or cutoff
Batting: RHB Dave King 0-0: Ball
1-0: Ball
2-0: Foul Ball, location: 2F
2-1: Foul Ball, location: 2F
2-2: Foul Ball, location: 2F
2-2: Foul Ball, location: 2F
2-2: SINGLE (Groundball, 3D)
Walt Rodgers to third
Tom Cirilo to second
Runner from 3rd tries for Home, SAFE, no throw or cutoff
Batting: LHB Michael Myers 0-0: Ball
1-0: Foul Ball, location: 2F
1-1: Called Strike
1-2: Ball
2-2: Foul Ball, location: 2F
2-2: Ball
3-2: Base on Balls
Tom Cirilo to third
Dave King to second
Batting: RHB Manny Torrez 0-0: Ball
1-0: Ball
2-0: Ball
3-0: Base on Balls
Tom Cirilo scores
Dave King to third
Michael Myers to second
Batting: LHB Joe Baker 0-0: Ball
1-0: SINGLE (Groundball, 3D)
Dave King scores
Michael Myers to third
Manny Torrez to second
Runner from 3rd tries for Home, SAFE, no throw or cutoff
Batting: LHB Jaime Icaza 0-0: Called Strike
0-1: Ball
1-1: Foul Ball, location: 2F
1-2: Ball
2-2: Strikes out swinging
Top of the 1st over - 6 run(s), 4 hit(s), 0 error(s), 2 left on base; Chula Vista 6 - Surrey 0
BOTTOM OF THE 1ST
Surrey Sinners batting - Pitching for Chula Vista Tacos : RHP Manuel González
Pitching: RHP Manuel González
Batting: RHB Eugene Booth 0-0: Swinging Strike
0-1: Foul Ball, location: 2F
0-2: Strikes out swinging
Batting: RHB Jesús Lara 0-0: Foul Ball, location: 2F
0-1: Ground out 4-3 (Groundball, 34)
Batting: RHB Clint Younger 0-0: Foul Ball, location: 2F
0-1: Swinging Strike
0-2: Ball
1-2: Strikes out swinging
Bottom of the 1st over - 0 run(s), 0 hit(s), 0 error(s), 0 left on base; Chula Vista 6 - Surrey 0
TOP OF THE 2ND
Chula Vista Tacos batting - Pitching for Surrey Sinners : RHP Bill Chase
Batting: RHB Johnny Williams 0-0: Called Strike
0-1: Ball
1-1: Called Strike
1-2: Ball
2-2: Strikes out swinging
Batting: RHB Joel Carlson 0-0: Called Strike
0-1: Ball
1-1: Foul Ball, location: 2F
1-2: Strikes out swinging
Batting: SHB Walt Rodgers 0-0: SINGLE (Line Drive, 89S)
Batting: RHB Tom Cirilo 0-0: Ball
1-0: Called Strike
1-1: Ground out 5-3 (Groundball, 5L)
Top of the 2nd over - 0 run(s), 1 hit(s), 0 error(s), 1 left on base; Chula Vista 6 - Surrey 0
BOTTOM OF THE 2ND
Surrey Sinners batting - Pitching for Chula Vista Tacos : RHP Manuel González
Batting: RHB Ramón Molina 0-0: Ball
1-0: Foul Ball, location: 2F
1-1: Foul Ball, location: 2F
1-2: Ground out 6-3 (Groundball, 6M)
Batting: LHB Buddy Rice 0-0: SINGLE (Groundball, 34S)
Batting: RHB Cooper Richard 0-0: Ball
1-0: Called Strike
1-1: Foul Ball, location: 2F
1-2: Ball
2-2: Foul Ball, location: 2F
2-2: Foul Ball, location: 2F
2-2: Fielders Choice at 2nd, 4-6 (Groundball, 34)
Batting: RHB Augusto Trevino 0-0: Called Strike
0-1: Swinging Strike
0-2: Foul Ball, location: 2F
0-2: Foul Ball, location: 2F
0-2: Strikes out looking
Bottom of the 2nd over - 0 run(s), 1 hit(s), 0 error(s), 1 left on base; Chula Vista 6 - Surrey 0
TOP OF THE 3RD
Chula Vista Tacos batting - Pitching for Surrey Sinners : RHP Bill Chase
Batting: RHB Dave King 0-0: Ball
1-0: Foul Ball, location: 2F
1-1: Foul Ball, location: 2F
1-2: SINGLE (Flyball, 9LS)
Batting: LHB Michael Myers 0-0: Fielders Choice at 2nd, 6-4 (Groundball, 6M)
Batting: RHB Manny Torrez 0-0: Foul Ball, location: 2F
0-1: Swinging Strike
0-2: Ball
1-2: Foul Ball, location: 2F
1-2: Ball
Michael Myers steals 2nd base
2-2: Foul Ball, location: 2F
2-2: Strikes out swinging
Pitching: LHP Sebastián Cervantes
Batting: LHB Joe Baker 0-0: Called Strike
0-1: SINGLE (Flyball, 7LS)
Michael Myers to third
Runner from 3rd tries for Home, SAFE, no throw or cutoff
Batting: LHB Jaime Icaza 0-0: Called Strike
0-1: Called Strike
0-2: Ball
1-2: Fly out, F7 (Flyball, 7LM)
Top of the 3rd over - 1 run(s), 2 hit(s), 0 error(s), 1 left on base; Chula Vista 7 - Surrey 0
BOTTOM OF THE 3RD
Surrey Sinners batting - Pitching for Chula Vista Tacos : RHP Manuel González
Batting: RHB Félix Castro 0-0: Foul Ball, location: 2F
0-1: Fly out, F8 (Flyball, 8RM)
Batting: RHB Ryan Parrish 0-0: Called Strike
0-1: Ball
1-1: Swinging Strike
1-2: Foul Ball, location: 2F
1-2: Ground out 5-3 (Groundball, 5S)
Batting: RHB Eugene Booth 0-0: Called Strike
0-1: Ball
1-1: Ball
2-1: Swinging Strike
2-2: Foul Ball, location: 2F
2-2: Strikes out swinging
Bottom of the 3rd over - 0 run(s), 0 hit(s), 0 error(s), 0 left on base; Chula Vista 7 - Surrey 0
TOP OF THE 4TH
Chula Vista Tacos batting - Pitching for Surrey Sinners : LHP Sebastián Cervantes
Batting: RHB Johnny Williams 0-0: Ball
1-0: Ball
2-0: Foul Ball, location: 2F
2-1: Called Strike
2-2: Foul Ball, location: 2F
2-2: Ball
3-2: SINGLE (Line Drive, 4D)
Batting: RHB Joel Carlson 0-0: Called Strike
0-1: Ball
1-1: Foul Ball, location: 2F
1-2: Fly out, F9 (Flyball, 89S)
Batting: SHB Walt Rodgers 0-0: Ball
1-0: Ball
2-0: Called Strike
2-1: Foul Ball, location: 2F
2-2: Ball
3-2: Strikes out swinging
Batting: RHB Tom Cirilo 0-0: Ball
1-0: Foul Ball, location: 2F
1-1: Ball
2-1: Foul Ball, location: 2F
2-2: Ball
3-2: Strikes out swinging
Top of the 4th over - 0 run(s), 1 hit(s), 0 error(s), 1 left on base; Chula Vista 7 - Surrey 0
BOTTOM OF THE 4TH
Surrey Sinners batting - Pitching for Chula Vista Tacos : RHP Manuel González
Batting: RHB Jesús Lara 0-0: Ball
1-0: Called Strike
1-1: Foul Ball, location: 2F
1-2: Foul Ball, location: 2F
1-2: Strikes out swinging
Batting: RHB Clint Younger 0-0: Called Strike
0-1: Ball
1-1: DOUBLE (Line Drive, 5D)
Batting: RHB Ramón Molina 0-0: Called Strike
0-1: Ball
1-1: Ball
2-1: Called Strike
2-2: TRIPLE (Flyball, 8RXD)
Clint Younger scores
Batting: LHB Buddy Rice 0-0: Ball
1-0: Ball
2-0: Ball
3-0: Called Strike
3-1: Fly out, F8 (Flyball, 8LXD)
Runner from 3rd tags up, SCORES, no throw
Batting: RHB Cooper Richard 0-0: Foul Ball, location: 2F
0-1: Foul Ball, location: 2F
0-2: Fly out, F7 (Line Drive, 78M)
Bottom of the 4th over - 2 run(s), 2 hit(s), 0 error(s), 0 left on base; Chula Vista 7 - Surrey 2
TOP OF THE 5TH
Chula Vista Tacos batting - Pitching for Surrey Sinners : LHP Sebastián Cervantes
Batting: RHB Dave King 0-0: Called Strike
0-1: Ball
1-1: Ball
2-1: Fly out, F8 (Flyball, 8RM)
Batting: LHB Michael Myers 0-0: Ball
1-0: Called Strike
1-1: Ball
2-1: Ball
3-1: Base on Balls
Batting: RHB Manny Torrez 0-0: Ball
1-0: Ball
2-0: SINGLE (Line Drive, 7LS)
Michael Myers to second
Batting: LHB Joe Baker 0-0: Swinging Strike
0-1: Ball
1-1: Ball
2-1: Called Strike
2-2: Ball
3-2: Foul Ball, location: 2F
3-2: Strikes out swinging
Batting: LHB Jaime Icaza 0-0: Called Strike
0-1: Called Strike
0-2: Foul Ball, location: 2F
0-2: Strikes out swinging
Top of the 5th over - 0 run(s), 1 hit(s), 0 error(s), 2 left on base; Chula Vista 7 - Surrey 2
BOTTOM OF THE 5TH
Surrey Sinners batting - Pitching for Chula Vista Tacos : RHP Manuel González
Batting: RHB Augusto Trevino 0-0: Ball
1-0: Ball
2-0: Ball
3-0: Base on Balls
Batting: RHB Félix Castro 0-0: Ball
1-0: SINGLE (Line Drive, 8RS)
Augusto Trevino to second
Batting: RHB Ryan Parrish 0-0: Ball
1-0: Fly out, F9 (Flyball, 89M)
Batting: RHB Eugene Booth 0-0: Ball
1-0: Grounds into double play, 6-4-3 (Groundball, 6)
Bottom of the 5th over - 0 run(s), 1 hit(s), 0 error(s), 1 left on base; Chula Vista 7 - Surrey 2
TOP OF THE 6TH
Chula Vista Tacos batting - Pitching for Surrey Sinners : LHP Sebastián Cervantes
Batting: RHB Johnny Williams 0-0: SINGLE (Flyball, 8RS)
Batting: RHB Joel Carlson 0-0: Ball
1-0: Ball
2-0: Called Strike
2-1: Foul Ball, location: 2F
2-2: Strikes out swinging
Batting: SHB Walt Rodgers 0-0: Ball
1-0: Swinging Strike
1-1: Swinging Strike
1-2: Ball
2-2: Strikes out swinging
Batting: RHB Tom Cirilo 0-0: Called Strike
0-1: Ball
1-1: Called Strike
1-2: Foul Ball, location: 2F
1-2: Strikes out swinging
Top of the 6th over - 0 run(s), 1 hit(s), 0 error(s), 1 left on base; Chula Vista 7 - Surrey 2
BOTTOM OF THE 6TH
Surrey Sinners batting - Pitching for Chula Vista Tacos : RHP Manuel González
Batting: RHB Jesús Lara 0-0: Ball
1-0: Ball
2-0: Called Strike
2-1: Called Strike
2-2: Ball
3-2: Base on Balls
Batting: RHB Clint Younger 0-0: Ball
1-0: Ball
2-0: Fielders Choice at 2nd, 1-4 (Groundball, 23)
Batting: RHB Ramón Molina 0-0: SINGLE (Line Drive, 8RS)
Clint Younger to second
Batting: LHB Buddy Rice 0-0: Ball
1-0: Ball
2-0: Called Strike
2-1: Foul Ball, location: 2F
2-2: Ball
3-2: Foul Ball, location: 2F
3-2: Foul Ball, location: 2F
3-2: DOUBLE (Flyball, 89D)
Clint Younger scores
Ramón Molina to third
Pitching: LHP Alejandro Flores
Batting: RHB Cooper Richard 0-0: Foul Ball, location: 2F
0-1: Swinging Strike
0-2: Foul Ball, location: 2F
0-2: Foul Ball, location: 2F
0-2: Strikes out looking
Batting: RHB Augusto Trevino 0-0: Called Strike
0-1: Ball
1-1: Swinging Strike
1-2: Ball
2-2: Strikes out swinging
Bottom of the 6th over - 1 run(s), 2 hit(s), 0 error(s), 2 left on base; Chula Vista 7 - Surrey 3
TOP OF THE 7TH
Chula Vista Tacos batting - Pitching for Surrey Sinners : LHP Sebastián Cervantes
Pitching: RHP Ernest Ware
Batting: RHB Dave King 0-0: Ball
1-0: Swinging Strike
1-1: Called Strike
1-2: Ball
2-2: SINGLE (Line Drive, 4M)
Batting: LHB Michael Myers 0-0: Sac Bunt - play at first, batter OUT! 1-3
Dave King to second
Batting: RHB Manny Torrez 0-0: Ball
1-0: Ball
2-0: Fly out, F8 (Flyball, 8LM)
Batting: LHB Joe Baker 0-0: Ball
1-0: Called Strike
1-1: Foul Ball, location: 2F
1-2: Ball
2-2: Foul Ball, location: 2F
2-2: SINGLE (Flyball, 7S)
Dave King to third
Runner from 3rd tries for Home, SAFE, no throw or cutoff
Batting: LHB Jaime Icaza 0-0: Ball
1-0: Swinging Strike
1-1: Ball
2-1: Ground out U3 (Groundball, 3)
Top of the 7th over - 1 run(s), 2 hit(s), 0 error(s), 1 left on base; Chula Vista 8 - Surrey 3
BOTTOM OF THE 7TH
Surrey Sinners batting - Pitching for Chula Vista Tacos : LHP Alejandro Flores
Batting: RHB Félix Castro 0-0: Ball
1-0: SINGLE (Line Drive, 8LS)
Batting: RHB Ryan Parrish 0-0: Called Strike
0-1: Called Strike
0-2: Ball
1-2: Ball
2-2: Strikes out swinging
Batting: RHB Eugene Booth 0-0: Called Strike
0-1: Swinging Strike
0-2: Foul Ball, location: 2F
0-2: Strikes out swinging
Batting: RHB Jesús Lara 0-0: Ball
1-0: Ball
2-0: Ball
3-0: Base on Balls
Félix Castro to second
Batting: RHB Clint Younger 0-0: Foul Ball, location: 2F
0-1: Fly out, F8 (Flyball, 8RM)
Bottom of the 7th over - 0 run(s), 1 hit(s), 0 error(s), 2 left on base; Chula Vista 8 - Surrey 3
TOP OF THE 8TH
Chula Vista Tacos batting - Pitching for Surrey Sinners : RHP Ernest Ware
Batting: RHB Johnny Williams 0-0: Called Strike
0-1: Foul Ball, location: 2F
0-2: Ball
1-2: Ball
2-2: Ball
3-2: Foul Ball, location: 2F
3-2: Base on Balls
Batting: RHB Joel Carlson 0-0: Foul Ball, location: 2F
0-1: Swinging Strike
0-2: Strikes out swinging
Batting: SHB Walt Rodgers 0-0: DOUBLE (Line Drive, 7LD)
Johnny Williams to third
Runner from 3rd tries for Home, throw and OUT!
Walt Rodgers to third
Batting: RHB Tom Cirilo 0-0: Called Strike
0-1: Foul Ball, location: 2F
0-2: Ball
1-2: Hit by Pitch
Batting: RHB Dave King 0-0: Called Strike
0-1: Foul Ball, location: 2F
0-2: Ball
1-2: Strikes out swinging
Top of the 8th over - 0 run(s), 1 hit(s), 0 error(s), 2 left on base; Chula Vista 8 - Surrey 3
BOTTOM OF THE 8TH
Surrey Sinners batting - Pitching for Chula Vista Tacos : LHP Alejandro Flores
Now at 3B: Ron Garrett
Batting: RHB Ramón Molina 0-0: Ball
1-0: Ball
2-0: Ball
3-0: Base on Balls
Batting: LHB Buddy Rice 0-0: Grounds into double play, 4-6-3 (Groundball, 4)
Batting: RHB Cooper Richard 0-0: Called Strike
0-1: Ball
1-1: Fly out, F9 (Flyball, 89S)
Bottom of the 8th over - 0 run(s), 0 hit(s), 0 error(s), 0 left on base; Chula Vista 8 - Surrey 3
TOP OF THE 9TH
Chula Vista Tacos batting - Pitching for Surrey Sinners : RHP Ernest Ware
Batting: LHB Michael Myers 0-0: Ball
1-0: Called Strike
1-1: Ball
2-1: Foul Ball, location: 2F
2-2: Ball
3-2: Base on Balls
Batting: RHB Manny Torrez 0-0: Called Strike
0-1: Ball
1-1: Bunted foul
1-2: Foul Ball, location: 2F
1-2: Ball
2-2: Strikes out swinging
Batting: LHB Joe Baker 0-0: Called Strike
0-1: Called Strike
0-2: Foul Ball, location: 2F
0-2: Ball
1-2: Strikes out looking
Pitching: LHP Dennis Morales
Batting: LHB Jaime Icaza 0-0: Ball
1-0: Called Strike
1-1: Foul Ball, location: 2F
1-2: Ball
2-2: Ball
3-2: Strikes out looking
Top of the 9th over - 0 run(s), 0 hit(s), 0 error(s), 1 left on base; Chula Vista 8 - Surrey 3
BOTTOM OF THE 9TH
Surrey Sinners batting - Pitching for Chula Vista Tacos : LHP Alejandro Flores
Now at 1B: Steven Smith
Now in LF: Guillermo Deleón
Batting: RHB Augusto Trevino 0-0: Ball
1-0: Ball
2-0: Ball
3-0: Called Strike
3-1: Ground out U3 (Groundball, 3L)
Batting: RHB Félix Castro 0-0: Called Strike
0-1: Fly out, F9 (Flyball, 9D)
Batting: RHB Ryan Parrish 0-0: Foul Ball, location: 2F
0-1: Foul Ball, location: 2F
0-2: Foul Ball, location: 2F
0-2: Foul Ball, location: 2F
0-2: Ball
1-2: Foul Ball, location: 2F
1-2: Strikes out swinging
Bottom of the 9th over - 0 run(s), 0 hit(s), 0 error(s), 0 left on base; Chula Vista 8 - Surrey 3
Monday, December 5th, 2016 - OOTP Baseball 17.12 Build 75